 Dungeon Crawl Stone Soup version 0.28-a0-1613-gdaab1c2f9b (webtiles) character file.

Game seed: 4683340908486454585

42 parzival7114810 the Skirmisher (level 3, -2/33 HPs)
             Began as a Hill Orc Fighter on Jan 21, 2022.
             Slain by a kobold (5 damage)
             ... on level 2 of the Dungeon.
             The game lasted 00:02:15 (1669 turns).

parzival7114810 the Skirmisher (Hill Orc Fighter)   Turns: 1669, Time: 00:02:16

Health: -2/33      AC:  7    Str: 20    XL:     3   Next: 54%
Magic:  3/3        EV:  9    Int:  8    God:
Gold:   83         SH:  4    Dex: 10    Spells: 2/2 levels left

rFire   . . .      SeeInvis .   a - +0 war axe
rCold   . . .      Faith    .   c - +0 buckler
rNeg    . . .      Spirit   .   b - +0 scale mail
rPois   .          Reflect  .   (no helmet)
rElec   .          Harm     .   (no cloak)
rCorr   .          Rampage  .   (no gloves)
Will    .....                   (no boots)
Stlth   ..........              (no amulet)
HPRegen 0.11/turn               (no ring)
MPRegen 0.08/turn               (no ring)

@: lethally poisoned (-2 -> -3)
A: no striking features
a: no special abilities


You were on level 2 of the Dungeon.
You visited 1 branch of the dungeon, and saw 2 of its levels.

You collected 83 gold pieces.

Inventory:

Hand Weapons
 a - a +0 war axe (weapon)
Armour
 b - a +0 scale mail (worn)
 c - a +0 buckler (worn)
Scrolls
 e - a scroll of vulnerability
 g - a scroll of teleportation
 i - a scroll of summoning {unknown}
Potions
 d - 2 potions of might
 f - 2 potions of curing {unknown}
 h - 2 potions of flight {unknown}
 j - a potion of mutation {unknown}


   Skills:
 + Level 4.1 Fighting
 + Level 3.3 Axes
 + Level 3.9 Armour
 + Level 0.2 Dodging
 + Level 3.6 Shields


You had 2 spell levels left.
You didn't know any spells.
Your spell library contained the following spells:

 Spells                   Type           Power      Damage    Failure   Level
 Summon Guardian Golem    Hex/Summ       0%         N/A       99%         3
 Orb of Destruction       Conj           0%         9d5       100%        7
 Spellforged Servitor     Conj/Summ      0%         N/A       100%        7


Dungeon Overview and Level Annotations

Branches:
Dungeon (2/15)

Altars:


Message History

The goblin barely misses you. The adder bites you but does no damage.
You hit the goblin.
The goblin is heavily wounded.
You barely miss the adder.
The kobold throws a stone.
The stone hits you but does no damage. The goblin hits you but does no damage.
The adder bites you.
You are poisoned.
The adder poisons you!
The kobold throws a stone.
The stone closely misses you. You block the goblin's attack.
You slash the goblin!
You kill the goblin!
You barely miss the adder.
You feel very sick. The adder bites you but does no damage.
The kobold throws a stone.
The stone barely misses you. The adder bites you.
You are more poisoned.
The adder poisons you!
You feel sick. The adder bites you but does no damage.
You miss the adder.
You feel very sick. The adder bites you.
The kobold throws a stone.
The stone hits you but does no damage. The adder closely misses you.
You hit the adder.
The adder is heavily wounded.
You feel sick.
The kobold throws a stone.
The stone hits you but does no damage. You block the adder's attack.
The kobold throws a stone.
The stone misses you. The adder closely misses you.
You slash the adder!
You kill the adder!
You feel sick.
You feel sick. The kobold misses you.
You see here an adder corpse.
You feel sick. The kobold hits you with a +0 whip.
* * * LOW HITPOINT WARNING * * *
A frilled lizard comes into view.
You see here a +0 dagger.
You closely miss the kobold.
You feel sick.
The frilled lizard hisses angrily.
The kobold barely misses you. The kobold hits you with a +0 whip.
You die...

............##
........###..###########
.........###..........>#
.............#########.#
##########.#.####.......
#.....................
#..........#.##.......
#....K....##..........
#...†@....#####.......
###.....### ####....
#.##...# #####
...>......# ..#.###.<.l#
####. #.##... .. #.# ##.
.. .. ## ####.


You could see a kobold and a frilled lizard.

Vanquished Creatures
  An adder (D:2)
  7 ball pythons (D:1)
  2 bats
  4 endoplasms
  3 hobgoblins
  2 quokkas (D:1)
  4 goblins (D:2)
  4 kobolds (D:1)
  3 rats (D:1)
30 creatures vanquished.

Notes
Turn   | Place    | Note
-------+----------+-------------------------------------------
     0 | D:1      | parzival7114810 the Hill Orc Fighter began the quest for
                  | the Orb.
     0 | D:1      | Reached XP level 1. HP: 19/19 MP: 1/1
   292 | D:1      | Reached XP level 2. HP: 27/27 MP: 2/2
   648 | D:1      | Found a faded altar of an unknown god.
   871 | D:1      | Reached skill level 4 in Fighting
  1163 | D:1      | Reached XP level 3. HP: 32/33 MP: 3/3
  1669 | D:2      | Slain by a kobold

Illustrated notes

Levels and vault maps discovered:
D:1:      kilobyte_arrival_exit_the_forest, layout_basic,
          nicolae_ecumenical_snake_handling
D:2:      minmay_spotlight, layout_rooms, basic_altar, uniq_sigmund

Skill      XL: |  1  2 |
---------------+-------+-----
Axes           | 3 |  3.3
Fighting       | 4 |  4.1
Armour         | |  3.9
Dodging        | |  0.2
Shields        | |  3.6

Action                   || total
-------------------------++-------
Melee: War axe           ||    83
  Use: Scroll            ||     2
Armor: Scale mail        ||    56
Dodge: Dodged            ||    44
Block: Buckler           ||    20

Table legend: (Time is in decaauts)
 A = Elapsed time spent in this place.
 B = Non-inter-level travel time spent in this place.
 C = Inter-level travel time spent in this place.
 D = Time resting spent in this place.
 E = Time spent auto-exploring this place.
 F = Levels seen in this place.
 G = Mean time per level.
                   A        B        C        D        E       F      G
               +--------+--------+--------+--------+--------+-----+--------+
         Total |   1709 |   1626 |     83 |      0 |   1302 |   2 |  854.5 |
       Dungeon |   1709 |   1626 |     83 |      0 |   1302 |   2 |  854.5 |
               +--------+--------+--------+--------+--------+-----+--------+

Top non-repeatable levels by time:
     D:1: 1468 daAuts
     D:2: 240 daAuts
